 Dungeon Crawl Stone Soup version 0.25-a0-1133-g93ebf739aa (webtiles) character file.

Game seed: 16059044257547154256, levelgen mode: deterministic

10224 Folvindir the Geomancer (level 11, -6/64 HPs)
             Began as a Gargoyle Earth Elementalist on May 22, 2020.
             Was a High Priest of Vehumet.
             Mangled by a white ugly thing (29 damage)
             ... in an ice cave.
             The game lasted 00:25:12 (12808 turns).

Folvindir the Geomancer (GrEE)                     Turns: 12808, Time: 00:25:13

Health: -6/64      AC: 13    Str: 11    XL:     11   Next: 58%
Magic:  0/21       EV: 15    Int: 18    God:    Vehumet [*****.]
Gold:   606        SH:  0    Dex: 16    Spells: 15/24 levels left

rFire    . . .     SeeInvis .   J - +2 short sword (drain)
rCold    . . .     Gourm    .   (no shield)
rNeg     + + .     Faith    .   y - +1 robe {rN+}
rPois    ∞         Spirit   .   H - +1 hat
rElec    +         Reflect  .   (no cloak)
rCorr    .         Harm     .   D - +0 pair of gloves
MR       .....                  (no boots)
Stlth    ++........             F - amulet of magic regeneration
HPRegen  0.20/turn              K - ring of wizardry
MPRegen  0.42/turn              n - +6 ring of dexterity

@: no status effects
A: negative energy resistance 1, electricity resistance, weak 1, wild magic 1,
unbreathing, petrification resistance, rot immunity, AC +8
a: Renounce Religion


You were in an ice cave.
You worshipped Vehumet.
Vehumet was extremely pleased with you.
You were not hungry.

You visited 2 branches of the dungeon, and saw 12 of its levels.
You also visited: Sewer and Ice Cave.

You collected 606 gold pieces.

Inventory:

Hand Weapons
 J - a +2 short sword of draining (weapon)
 L - a +0 morningstar
Missiles
 b - 56 stones (quivered)
Armour
 x - a +0 helmet
 y - a +1 robe of positive energy (worn)
 D - a +0 pair of gloves (worn)
 H - a +1 hat (worn)
Jewellery
 h - an uncursed ring of see invisible
 m - an uncursed ring of stealth
 n - a +6 ring of dexterity (right hand)
 p - an uncursed ring of stealth
 q - an uncursed amulet of reflection
 z - an uncursed ring of flight
 F - an amulet of magic regeneration (around neck)
 K - a ring of wizardry (left hand)
Wands
 l - a wand of disintegration (10)
 A - a wand of random effects (6)
 C - a wand of flame (17)
 E - a wand of paralysis (2)
Scrolls
 j - 11 scrolls of remove curse
 k - 2 scrolls of amnesia
 r - 2 scrolls of fog
 s - 3 scrolls of teleportation
 t - 2 scrolls of fear
 u - a scroll of magic mapping
Potions
 a - 5 potions of curing
 c - a potion of mutation
 e - 2 potions of flight
 f - 3 potions of might
 g - 2 potions of haste
 o - a potion of heal wounds
 w - 2 potions of magic
 B - 2 potions of brilliance {unknown}
 G - a potion of lignification {unknown}
Comestibles
 d - 17 rations


   Skills:
 + Level 6.2 Fighting
 + Level 5.8 Maces & Flails
 - Level 6.0 Armour
 + Level 5.2 Dodging
 - Level 2.1 Stealth
 + Level 7.1 Spellcasting
 + Level 7.9 Conjurations
   Level 0.7 Transmutations
 + Level 9.7 Earth Magic
 + Level 4.1 Evocations


You had 15 spell levels left.
You knew the following spells:

 Your Spells              Type           Power        Failure   Level  Hunger
a - Sandblast             Erth           ######       1%          1    None
b - Stone Arrow           Conj/Erth      #####.       1%          3    ##.....
c - Lee's Rapid Deconstr  Erth           ######....   1%          5    #####..

Your spell library contained the following spells:

 Spells                   Type           Power        Failure   Level  Hunger
 Iskenderun's Battlesphe  Conj/Chrm      ####....     9%          5    #####..
 Foxfire                  Conj/Fire      ####         1%          1    None
 Magic Dart               Conj           ####         1%          1    None
 Passwall                 Tmut/Erth      ####....     1%          2    None
 Searing Ray              Conj           #####.       1%          2    None
 Conjure Flame            Conj/Fire      ####....     1%          3    ##.....
 Dazzling Flash           Conj/Hex       ####..       1%          3    ##.....
 Mephitic Cloud           Conj/Pois/Air  ###.....     1%          3    ##.....
 Fulminant Prism          Conj/Hex       ####......   3%          4    ####...
 Iskenderun's Mystic Bla  Conj/Tloc      ####....     3%          4    ####...
 Sticky Flame             Conj/Fire      ####....     3%          4    ####...
 Inner Flame              Hex/Fire       #.......     5%          3    ##.....
 Petrify                  Tmut/Erth      ####....     8%          4    ####...
 Blink                    Tloc           N/A          9%          2    None
 Call Imp                 Summ           #.......     9%          2    None
 Slow                     Hex            #.......     9%          2    None
 Fireball                 Conj/Fire      ####......   9%          5    #####..
 Confusing Touch          Hex            #.......     17%         3    ##.....
 Gell's Gravitas          Tloc           #.........   17%         3    ##.....
 Yara's Violent Unravell  Hex/Tmut       #.........   30%         5    #####..
 Metabolic Englaciation   Hex/Ice        #.........   77%         5    #####..


Dungeon Overview and Level Annotations

Branches:
Dungeon (11/15)            Temple (1/1) D:4           Sewer (visited)
  IceCv (1/1)
   Lair: D:8-11         Orc: D:9-12

Altars:
Ashenzari
Cheibriados
Dithmenos
Elyvilon
Fedhas
Gozag
Hepliaklqana
Kikubaaqudgha
Makhleb
Nemelex Xobeh
Okawaru
Qazlal
Ru
Sif Muna
Trog
Uskayaw
Vehumet
Wu Jian
Xom
Yredelemnul
Zin
The Shining One

Shops:
D:10 %

Annotations:
IceCv exclusion: 2 ice statues


Innate Abilities, Weirdness & Mutations

You are resistant to torment.
Your stone body is resilient. (AC +8)
You are immune to poison.
You resist negative energy. (rN+)
You are resistant to electric shocks. (rElec)
You can survive without breathing.
You are immune to petrification.
You are immune to rotting.
You are weak. (Str -2)
Your spells are a little harder to cast, but a little more powerful.


Message History

The stone arrow misses the white ugly thing.
The white ugly thing barely misses you.
Casting: Stone Arrow (safe; 1% risk of failure)
Confirm with . or Enter, or press ? or * to list all spells.
Aiming: Stone Arrow (safe; 1% risk of failure)
Press: ? - help, Shift-Dir - straight line, f/p - white ugly thing
Aim: a white ugly thing (heavily wounded)
The stone arrow hits the white ugly thing!
The white ugly thing is severely wounded.
The white ugly thing tentacle-slaps you but does no damage.
Casting: Stone Arrow (safe; 1% risk of failure)
Confirm with . or Enter, or press ? or * to list all spells.
Aiming: Stone Arrow (safe; 1% risk of failure)
Press: ? - help, Shift-Dir - straight line, f/p - white ugly thing
Aim: a white ugly thing (severely wounded)
The stone arrow hits the white ugly thing!
The white ugly thing is almost dead.
The white ugly thing tentacle-slaps you.
The white ugly thing freezes you!!
You die...

####### #############
#.....## ##..[).#8....##
#......###......#......#
#.......#.......#.......
#.......#.......#.......
#.∩..∩....@u............
#.......#.......#.......
#.......#.......#.......
#......###.....(#......#
#.....## ##..[..#8....##
####### #############


You could see a white ugly thing.

Vanquished Creatures
  A two-headed ogre (D:10)
  A queen ant (D:10)
  3 trolls
  A hornet (D:9)
  A hippogriff (D:7)
  A wyvern (D:10)
  4 hogs (D:7)
  A human (D:7)
  A steam dragon (D:9)
  2 hungry ghosts
  5 soldier ants (D:10)
  4 orc warriors
  6 ice beasts (IceCv)
  A phantom (D:7)
  A sky beast (D:8)
  A black bear (D:8)
  4 necrophages
  2 ogres (D:7)
  An eye of draining (D:10)
  2 wolves (D:11)
  A crocodile (D:10)
  4 centaurs
  A big kobold (D:8)
  6 bullfrogs
  A gnoll sergeant (D:7)
  4 scorpions
  A water moccasin skeleton (D:8)
  7 killer bees
  5 wights (D:5)
  A howler monkey (D:8)
  2 centaur zombies (D:10)
  6 crimson imps
  A bullfrog zombie (D:10)
  9 hounds
  A quasit (D:8)
  3 jellies
  6 orc priests
  8 orc wizards
  3 iguanas
  18 worker ants
  A killer bee zombie (D:8)
  2 hound skeletons
  A mummy (D:8)
  A howler monkey skeleton (D:8)
  A howler monkey zombie (D:7)
  7 gnolls
  6 river rats
  13 adders
  2 shadow imps (D:6)
  12 white imps (D:11)
  5 oozes
  3 adder zombies
  An adder skeleton (D:4)
  5 worms
  9 leopard geckos
  46 orcs
  11 ball pythons
  9 bats
  3 giant cockroaches
  12 goblins
  10 hobgoblins
  19 jackals
  2 quokkas
  9 frilled lizards
  7 kobolds
  A leopard gecko zombie (D:6)
  30 rats
359 creatures vanquished.

Notes
Turn   | Place    | Note
-------+----------+-------------------------------------------
     0 | D:1      | Folvindir the Gargoyle Earth Elementalist began the quest
                  | for the Orb.
     0 | D:1      | Reached XP level 1. HP: 10/10 MP: 3/3
   367 | D:1      | Reached XP level 2. HP: 11/15 MP: 5/5
   370 | D:1      | Reached skill level 4 in Earth Magic
   918 | D:1      | Found a shimmering blue altar of Sif Muna.
  1352 | D:2      | Reached XP level 3. HP: 16/19 MP: 6/6
  1357 | D:2      | Learned a level 3 spell: Stone Arrow
  1927 | D:2      | Reached skill level 1 in Conjurations
  2191 | D:2      | Reached XP level 4. HP: 20/24 MP: 8/8
  2922 | D:3      | Reached skill level 5 in Earth Magic
  2922 | D:3      | Reached XP level 5. HP: 20/28 MP: 3/9
  3367 | D:3      | Gained mutation: You are weak. (Str -2) [potion of
                  | mutation]
  3367 | D:3      | Gained mutation: Your spells are a little harder to cast,
                  | but a little more powerful. [potion of mutation]
  3835 | D:4      | Reached XP level 6. HP: 30/32 MP: 11/11
  4210 | D:4      | Found a glowing drain.
  4214 | Sewer    | Entered a sewer
  4305 | Sewer    | Reached skill level 6 in Earth Magic
  4953 | Sewer    | Reached XP level 7. HP: 36/36 MP: 13/13
  5457 | D:4      | Found a staircase to the Ecumenical Temple.
  5493 | Temple   | Entered the Ecumenical Temple
  5682 | Temple   | Became a worshipper of Vehumet
  5749 | D:5      | Entered Level 5 of the Dungeon
  5856 | D:5      | Learned a level 5 spell: Lee's Rapid Deconstruction
  5973 | D:5      | Found a shadowy altar of Dithmenos.
  6252 | D:5      | Reached skill level 1 in Fighting
  6252 | D:5      | Reached skill level 1 in Maces & Flails
  6252 | D:5      | Reached skill level 1 in Armour
  6331 | D:5      | Reached XP level 8. HP: 25/43 MP: 15/15
  6467 | D:5      | Reached skill level 7 in Earth Magic
  6507 | D:5      | Reached skill level 5 in Spellcasting
  6882 | D:6      | Found a bloodstained altar of Trog.
  6924 | D:6      | Reached skill level 5 in Conjurations
  6965 | D:6      | Reached * piety under Vehumet
  6965 | D:6      | Offered knowledge of Freeze by Vehumet.
  7342 | D:6      | Found a sacrificial altar of Ru.
  7843 | D:7      | Reached XP level 9. HP: 49/49 MP: 15/17
  8180 | D:7      | Offered knowledge of Shock by Vehumet.
  8257 | D:7      | Reached ** piety under Vehumet
  8257 | D:7      | Reached skill level 8 in Earth Magic
  8257 | D:7      | Reached skill level 1 in Evocations
  8361 | D:7      | Reached XP level 10. HP: 47/57 MP: 8/19
  9238 | D:8      | Offered knowledge of Static Discharge by Vehumet.
  9401 | D:8      | Reached *** piety under Vehumet
  9997 | D:9      | Reached skill level 5 in Armour
 10147 | D:9      | Reached skill level 5 in Fighting
 10334 | D:9      | Reached skill level 9 in Earth Magic
 10431 | D:9      | Offered knowledge of Hailstorm by Vehumet.
 10603 | D:9      | Found a shimmering blue altar of Sif Muna.
 10799 | D:10     | Entered Level 10 of the Dungeon
 10799 | D:10     | Found Webrauf's Jewellery Emporium.
 10919 | D:10     | Found Fokorexuu's Food Boutique.
 11012 | D:10     | Noticed a two-headed ogre
 11016 | D:10     | Killed a two-headed ogre
 11016 | D:10     | Reached skill level 5 in Maces & Flails
 11059 | D:10     | Noticed a queen ant
 11083 | D:10     | Killed a queen ant
 11083 | D:10     | Reached XP level 11. HP: 21/64 MP: 9/21
 11470 | D:10     | Reached **** piety under Vehumet
 11604 | D:10     | Offered knowledge of Iskenderun's Battlesphere by Vehumet.
 11867 | D:10     | Reached skill level 5 in Dodging
 12495 | D:11     | Found a frozen archway.
 12506 | IceCv    | Entered an ice cave
 12740 | IceCv    | Reached ***** piety under Vehumet
 12792 | IceCv    | Noticed a white ugly thing
 12808 | IceCv    | Mangled by a white ugly thing

Illustrated notes

Levels and vault maps discovered:
D:1:      sevenhm_arrival_forest_fort_small_6, layout_basic
D:2:      layout_basic, kennysheep_cluttered_room, minmay_octomino_j4
D:3:      layout_loops_cross
D:4:      layout_rooms, minmay_temple_entry_offerings, first_ration,
          gup_sewer_entry_spiral
D:5:      layout_loops_cross, nicolae_dithmenos_shadow_blocks,
          serial_bayou_pond_e
D:6:      layout_loops_ring, overflow_temple_1_default,
          nicolae_ru_the_path_less_chosen
D:7:      layout_basic, grunt_livestock, chequers_serial_rivers_marsh
D:8:      layout_basic, serial_undead, serial_undead_a, serial_undead_c,
          serial_undead_e, serial_undead_f
D:9:      layout_loops_ring, lemuel_blue_sif_altar
D:10:     layout_roguey, serial_shops, shop, shop,
          chequers_serial_rivers_room_b, minmay_another_anthill
D:11:     layout_loops_ring, erik_lair_island, portal_ice_cave_entry_imps,
          enter_trove_6, columned_hall_lemuel
Temple:   dpeg_five_rooms_temple
IceCv:    ice_cave_statue_garden_chambered

Skill      XL: |  1  2  3  4  5  6  7  8  9 10 11 |
---------------+----------------------------------+-----
Earth Magic    | 4 5 6 7 8 9 |  9.7
Conjurations   | 1 2 3 4 5 6 7 |  7.9
Spellcasting   | 3 4 5 6 7 |  7.1
Fighting       | 1 2 4 5 6 |  6.2
Maces & Flails | 1 2 4 5 |  5.8
Armour         | 1 2 4 5 6 |  6.0
Dodging        | 2 3 4 5 |  5.2
Evocations     | 1 3 4 |  4.1
Stealth        | |  2.1
Transmutations | |  0.7

Action                   |  1- 3 |  4- 6 |  7- 9 | 10-12 || total
-------------------------+-------+-------+-------+-------++-------
Melee: Dagger            |    29 |       |       |       ||    29
       Unarmed           |     4 |       |       |       ||     4
       Short sword       |    94 |   168 |   226 |   404 ||   892
 Cast: Sandblast         |    11 |    69 |    91 |   130 ||   301
       Lee's Rapid Decon |       |       |     1 |     7 ||     8
       Stone Arrow       |       |       |       |    14 ||    14
Evoke: Wand              |       |       |    24 |     5 ||    29
  Use: Scroll            |       |     7 |     8 |     1 ||    16
       Potion            |       |     5 |     1 |     1 ||     7
 Stab: Sleeping          |     3 |     8 |     1 |     4 ||    16
       Paralysed         |       |       |    17 |    10 ||    27
  Eat: Chunk             |     4 |     9 |    11 |    15 ||    39
       Ration            |       |       |       |     2 ||     2
Armor: Robe              |    56 |    63 |    89 |   192 ||   400
Dodge: Dodged            |   131 |   141 |   185 |   375 ||   832
Block: Other             |       |       |    39 |       ||    39
       Reflection        |       |       |     1 |       ||     1

Table legend:
 A = Non-vault XP
 B = Vault XP
 C = Vault XP percentage of total XP
 D = Non-vault monster count
 E = Vault monster count
 F = Vault count percentage of total count
                 A         B        C        D         E       F
            +---------+---------+-------+---------+---------+-------
      Total |    9420 |    5187 |  35.5 |     251 |     108 |  30.1
            +---------+---------+-------+---------+---------+-------
        D:1 |      15 |       0 |   0.0 |       9 |       0 |   0.0
        D:2 |      62 |       5 |   7.5 |      27 |       4 |  12.9
        D:3 |     236 |       0 |   0.0 |      34 |       0 |   0.0
        D:4 |     160 |      56 |  25.9 |      11 |       7 |  38.9
        D:5 |     786 |       0 |   0.0 |      24 |       0 |   0.0
        D:6 |     385 |       0 |   0.0 |      18 |       0 |   0.0
        D:7 |    1753 |     985 |  36.0 |      31 |       5 |  13.9
        D:8 |    1244 |     264 |  17.5 |      43 |       4 |   8.5
        D:9 |    1643 |       0 |   0.0 |      20 |       0 |   0.0
       D:10 |    2663 |    2014 |  43.1 |      26 |      17 |  39.5
       D:11 |     473 |     741 |  61.0 |       8 |      17 |  68.0
      Sewer |       0 |     330 | 100.0 |       0 |      48 | 100.0
      IceCv |       0 |     792 | 100.0 |       0 |       6 | 100.0
            +---------+---------+-------+---------+---------+-------
